 Dungeon Crawl Stone Soup version 0.20-a0-1066-ga910694 (webtiles) character file.

347 FastMan the Chopper (level 6, -4/40 HPs)
             Began as a Gargoyle Fighter on Apr 29, 2017.
             Slain by an ogre
             ... wielding a +0 giant spiked club
              (11 damage)
             ... on level 4 of the Dungeon.
             The game lasted 00:02:13 (1821 turns).

FastMan the Chopper (Gargoyle Fighter)              Turns: 1821, Time: 00:02:13

Health: -4/40      AC: 14    Str: 19    XL:     6   Next: 59%
Magic:  6/6        EV:  5    Int:  9    God:
Gold:   81         SH:  9    Dex: 11    Spells: 5/5 levels left

rFire    . . .     SeeInvis .   a - +0 war axe
rCold    . . .     Gourm    .   c - +0 shield
rNeg     + . .     Faith    .   o - +0 chain mail
rPois    ∞         Spirit   .   q - +0 helmet (curse)
rElec    +         Reflect  .   (no cloak)
rCorr    .         Harm     .   (no gloves)
MR       .....                  (no boots)
Stlth    ..........             (no amulet)
Regen    0.2/turn               (no ring)
MPRegen  0.1/turn               (no ring)

@: no status effects
A: negative energy resistance 1, electricity resistance, unbreathing,
petrification resistance, rot immunity, AC +4
a: no special abilities


You were on level 4 of the Dungeon.
You were hungry.

You visited 1 branch of the dungeon, and saw 4 of its levels.

You collected 81 gold pieces.

Inventory:

Hand Weapons
 a - a +0 war axe (weapon)
Missiles
 n - a throwing net (quivered)
Armour
 c - a +0 shield (worn)
 o - a +0 chain mail (worn)
 q - a cursed +0 helmet (worn)
Scrolls
 e - a scroll of amnesia {unknown}
 h - 2 scrolls of identify {unknown}
 i - 4 scrolls of remove curse {unknown}
 k - 2 scrolls of enchant weapon {unknown}
 p - a scroll of magic mapping {unknown}
 r - a scroll of teleportation {unknown}
 s - a scroll of noise {unknown}
Potions
 b - a potion of mutation {unknown}
 d - a potion of heal wounds {@q2}
 g - a potion of berserk rage {unknown}
 m - a potion of brilliance {unknown}
Comestibles
 f - 3 bread rations {@e1}
 j - 2 royal jellies {@e3}
 l - a meat ration {@e2}


   Skills:
 + Level 5.1 Fighting
 * Level 5.2 Axes
 - Level 3.2 Armour
 - Level 3.2 Shields


You had 5 spell levels left.
You didn't know any spells.

Dungeon Overview and Level Annotations

Branches:
Dungeon (4/15)
 Temple: D:4-7

Altars:
Ru
Uskayaw


Innate Abilities, Weirdness & Mutations

You are resistant to torment.
Your stone body is resilient. (AC +4)
You are immune to poison.
You resist negative energy. (rN+)
You are resistant to electric shocks. (rElec)
You can survive without breathing.
You are immune to petrification.
You are immune to rotting.


Message History

Unknown command.
The bullfrog hits you.
* * * LOW HITPOINT WARNING * * *
You block the bullfrog's attack.
Unknown command.
You hit the bullfrog but do no damage.
The bullfrog is severely wounded.
You block the bullfrog's attack.
You barely miss the bullfrog.
The bullfrog is severely wounded.
The bullfrog hits you but does no damage.
The bullfrog hits you.
* * * LOW HITPOINT WARNING * * *
The bullfrog hits you but does no damage.
Unknown command.
You slash the bullfrog!
You kill the bullfrog!
Your Fighting skill increases to level 5!
The ogre hits you with a giant spiked club!
You die...

##########
###........#
#..........#
#.#...)....#
####.#...[....#
#######
#....#........#
#.....#
#.####........#
#.....#
#...###'#######
#.....# #.#.# #@#
#.....#####.# #O#
#.........#.# #.#
##......##.#.# #.#
. .........#.#.#
#.# # ###+#.
##.....###.#.# #>#
.# ......
#.......#.#.#
#.#####.# ......
####'##.#...#
#...#... ......
###
#.##.#########.#.#
......


You could see an ogre.

Vanquished Creatures
  The ghost of Psyclone the Conjurer, an amateur DEFE (D:3)
  A bullfrog (D:4)
  A hound skeleton (D:4)
  Robin (D:4)
  4 gnolls (D:3)
  4 adders
  An ooze (D:1)
  3 dart slugs
  A leopard gecko (D:1)
  3 orcs
  A giant cockroach (D:2)
  8 hobgoblins
  5 jackals (D:2)
  8 kobolds
  A quokka (D:3)
  3 bats
  6 frilled lizards
  11 goblins
  A quokka skeleton (D:4)
  6 rats
70 creatures vanquished.

Notes
Turn   | Place    | Note
-------+----------+-------------------------------------------
     0 | D:1      | FastMan the Gargoyle Fighter began the quest for the Orb.
     0 | D:1      | Reached XP level 1. HP: 14/14 MP: 1/1
    33 | D:1      | Reached XP level 2. HP: 14/19 MP: 2/2
   373 | D:2      | Reached XP level 3. HP: 20/24 MP: 3/3
   531 | D:2      | Found a hide-covered altar of Uskayaw.
   677 | D:3      | Reached XP level 4. HP: 29/29 MP: 4/4
   700 | D:3      | Found a sacrificial altar of Ru.
  1052 | D:3      | HP: 1/29 [gnoll (5)]
  1087 | D:3      | Reached XP level 5. HP: 30/33 MP: 5/5
  1265 | D:3      | Noticed Psyclone's ghost (amateur DEFE)
  1273 | D:3      | Killed Psyclone's ghost
  1273 | D:3      | Reached XP level 6. HP: 33/39 MP: 6/6
  1442 | D:4      | Noticed Robin
  1475 | D:4      | Killed Robin
  1801 | D:4      | Reached skill level 5 in Axes
  1821 | D:4      | Reached skill level 5 in Fighting
  1821 | D:4      | Slain by an ogre

Vault maps used:
D:1:      grunt_arrival_crossed_arrows
D:2:      lemuel_round_altar
D:3:      nicolae_ru_sacrificial_ziggurat
D:4:      first_bread, dk_noncrumbling_2, uniq_robin

Skill      XL: |  1  2  3  4  5  6 |
---------------+-------------------+-----
Axes           | 2 3 4 5 |  5.2
Fighting       | 4 5 |  5.1
Armour         | |  3.2
Shields        | |  3.2

Action                   |  1- 3 |  4- 6 || total
-------------------------+-------+-------++-------
Melee: War axe           |   115 |   141 ||   256
  Use: Potion            |       |     3 ||     3
  Eat: Chunk             |       |     3 ||     3
Armor: Scale mail        |    59 |       ||    59
       Chain mail        |    10 |   106 ||   116
Dodge: Dodged            |    41 |    39 ||    80
Block: Shield            |    63 |    75 ||   138
